 Dungeon Crawl Stone Soup version 0.21.1-1-g345015fe64 (webtiles) character file.

638 KleinerIrrer the Ruffian (level 7, 0/58 HPs)
             Began as a Troll Hunter on Apr 4, 2018.
             Slain by KleinerIrrer's ghost (10 damage)
             ... on level 5 of the Dungeon.
             The game lasted 00:01:36 (4396 turns).

KleinerIrrer the Ruffian (Troll Hunter)             Turns: 4396, Time: 00:01:37

Health: 0/58       AC:  7    Str: 21 (23) XL:     7   Next: 25%
Magic:  6/6        EV: 15    Int:  4 (7)  God:
Gold:   301        SH:  0    Dex: 14 (15) Spells: 6/6 levels left

rFire    . . .     SeeInvis .     - Unarmed
rCold    . . .     Gourm    +   (no shield)
rNeg     . . .     Faith    +   b - +0 robe
rPois    .         Spirit   .   (helmet restricted)
rElec    .         Reflect  .   (no cloak)
rCorr    .         Harm     .   (gloves unavailable)
MR       .....                  (boots unavailable)
Stlth    ++........             j - amulet of faith
HPRegen  0.59/turn              (no ring)
MPRegen  0.10/turn              (no ring)

@: agile, hasted, very quick
A: large, unfitting armour, claws 3, slimy green scales 1, fast metabolism 3,
frail 1, gourmand, mutation resistance 1, regeneration 1, shaggy fur 1, tough
skin 2
a: no special abilities


You were on level 5 of the Dungeon.
You were full.

You visited 1 branch of the dungeon, and saw 5 of its levels.

You collected 301 gold pieces.


Innate Abilities, Weirdness & Mutations

You are too large for most types of armour.
You have claws for hands.
Your metabolism is lightning-fast.
You like to eat raw meat.
Your natural rate of healing is unusually fast.
You are covered in fur. (AC +1)
You have very tough skin. (AC +2)
You are partially covered in slimy green scales. (AC +2)
You are frail. (-10% HP)
You are somewhat resistant to further mutation.


   Skills:
 - Level 2.0 Fighting
 - Level 3.6 Throwing
 - Level 1.5 Dodging
 - Level 0.3 Stealth
 + Level 7.7 Unarmed Combat


You had 6 spell levels left.
You didn't know any spells.

Inventory:

Hand Weapons
 a - a +0 short sword
Armour
 b - a +0 robe (worn)
Jewellery
 j - an amulet of faith (around neck)
Wands
 m - a wand of random effects (17)
Scrolls
 c - 2 scrolls of remove curse
 k - a scroll of identify
 q - a scroll of enchant weapon
 s - 4 scrolls of teleportation
Potions
 l - a potion of curing
 n - 3 potions of heal wounds
Comestibles
 f - 7 rations

Dungeon Overview and Level Annotations

Branches:
Dungeon (5/15)
 Temple: D:4-7

Altars:

Annotations:
D:5 KleinerIrrer's ghost, novice TrHu


Message History

You scratch KleinerIrrer's ghost.
KleinerIrrer's ghost is moderately damaged.
KleinerIrrer's ghost hits you but does no damage.
You claw KleinerIrrer's ghost!
KleinerIrrer's ghost is moderately damaged.
You claw KleinerIrrer's ghost!
KleinerIrrer's ghost is heavily damaged.
KleinerIrrer's ghost hits you!
You closely miss KleinerIrrer's ghost.
KleinerIrrer's ghost is heavily damaged.
You scratch KleinerIrrer's ghost but do no damage.
Your claw misses KleinerIrrer's ghost.
KleinerIrrer's ghost is heavily damaged.
KleinerIrrer's ghost hits you!
You barely miss KleinerIrrer's ghost.
KleinerIrrer's ghost is heavily damaged.
You scratch KleinerIrrer's ghost. You claw KleinerIrrer's ghost!
KleinerIrrer's ghost is severely damaged.
KleinerIrrer's ghost hits you!
You die...

#########
.......<##
######W..#
##@.## ##..#
#..# ##..#
#...# ### #..##
##...#
#..####.......
#....#.........
#..............


You could see KleinerIrrer's ghost.

Vanquished Creatures
  The ghost of KleinerIrrer the Skirmisher, an amateur DrTm (D:4)
  A scorpion (D:4)
  An orc priest (D:3)
  A hound (D:4)
  A gnoll shaman (D:5)
  An iguana (D:4)
  Ijyb (D:4)
  A worker ant (D:4)
  6 gnolls
  8 adders
  An adder zombie (D:5)
  3 worms
  3 dart slugs
  4 leopard geckos
  7 orcs
  2 ball pythons
  8 giant cockroaches
  6 hobgoblins
  24 jackals
  11 kobolds
  A quokka (D:3)
  A ball python skeleton (D:4)
  8 bats
  8 frilled lizards
  13 goblins
  A jackal skeleton (D:4)
  4 rats
127 creatures vanquished.

Notes
Turn   | Place    | Note
-------+----------+-------------------------------------------
     0 | D:1      | KleinerIrrer the Troll Hunter began the quest for the Orb.
     0 | D:1      | Reached XP level 1. HP: 19/19 MP: 0/0
     0 | D:1      | 0 ||| counter = 37
    10 | D:1      | Reached skill level 1 in Unarmed Combat
    23 | D:1      | Reached skill level 2 in Unarmed Combat
    23 | D:1      | Reached XP level 2. HP: 27/27 MP: 1/1
    29 | D:1      | 29 ||| Stepping ~*~*~tactically~*~*~ (outnumbered).
   201 | D:1      | Reached XP level 3. HP: 33/33 MP: 2/2
   539 | D:1      | Reached skill level 3 in Unarmed Combat
   573 | D:1      | 573 ||| READING scroll labeled HAJOWYBBITS.
   574 | D:1      | 574 ||| READING scroll labeled EWOSEH UMPE.
   575 | D:1      | 575 ||| DROPPING 2 throwing nets.
   931 | D:2      | Found a faded altar of an unknown god.
   935 | D:2      | Reached XP level 4. HP: 38/41 MP: 3/3
  1001 | D:2      | Reached skill level 4 in Unarmed Combat
  1006 | D:2      | HP: 10/41 [jackal (1)]
  1643 | D:2      | 1643 ||| READING scroll labeled GAAZOO NACORI.
  1644 | D:2      | 1644 ||| READING scroll labeled VAESEU FITA.
  1645 | D:2      | 1645 ||| READING scroll labeled ITYONLE JETEA.
  1646 | D:2      | 1646 ||| DRINKING 2 fizzy green potions.
  1647 | D:2      | 1647 ||| DRINKING 2 yellow potions.
  1648 | D:2      | 1648 ||| READING 3 scrolls of identify.
  1648 | D:2      | 1648 ||| IDENTIFYING large beryl amulet
  1649 | D:2      | 1649 ||| UPGRADING to amulet of faith.
  1650 | D:2      | 1650 ||| READING 2 scrolls of identify.
  1650 | D:2      | 1650 ||| IDENTIFYING dented citrine amulet
  1651 | D:2      | 1651 ||| DROPPING amulet of guardian spirit.
  2111 | D:3      | Reached XP level 5. HP: 48/48 MP: 4/4
  2123 | D:3      | Reached skill level 5 in Unarmed Combat
  2928 | D:3      | 2928 ||| UPGRADING to iron ring.
  2929 | D:3      | 2929 ||| READING 3 scrolls of remove curse.
  2930 | D:3      | 2930 ||| REMOVING -3 ring of evasion.
  2931 | D:3      | 2931 ||| DROPPING -3 ring of evasion.
  2932 | D:3      | 2932 ||| READING 4 scrolls labeled LUZIJEHO PUGG.
  2936 | D:3      | 2936 ||| READING scroll labeled IGICUG ETEGA.
  2937 | D:3      | 2937 ||| READING 2 scrolls labeled PYTEBLODDO.
  2938 | D:3      | 2938 ||| READING scroll labeled EGOORARGHERI.
  2939 | D:3      | 2939 ||| DRINKING 2 fizzy white potions.
  2942 | D:3      | 2942 ||| READING 2 scrolls of identify.
  2942 | D:3      | 2942 ||| IDENTIFYING sedimented black potion
  2943 | D:3      | 2943 ||| DROPPING potion of brilliance.
  2944 | D:3      | 2944 ||| DROPPING potion of ambrosia.
  2945 | D:3      | 2945 ||| DROPPING scroll of fear.
  3032 | D:4      | Noticed KleinerIrrer's ghost (amateur DrTm)
  3049 | D:4      | Killed KleinerIrrer's ghost
  3049 | D:4      | Reached skill level 6 in Unarmed Combat
  3049 | D:4      | Reached XP level 6. HP: 42/57 MP: 5/5
  3225 | D:4      | Noticed Ijyb
  3242 | D:4      | 3242 ||| Stepping ~*~*~tactically~*~*~ (outnumbered).
  3246 | D:4      | Killed Ijyb
  3246 | D:4      | Reached skill level 7 in Unarmed Combat
  3247 | D:4      | 3247 ||| Stepping ~*~*~tactically~*~*~ (outnumbered).
  3341 | D:4      | Reached XP level 7. HP: 59/65 MP: 6/6
  3675 | D:4      | 3675 ||| READING scroll labeled KEURGH JATOH.
  3676 | D:4      | 3676 ||| DRINKING 2 cyan potions.
  3677 | D:4      | 3677 ||| READING 2 scrolls of identify.
  3677 | D:4      | 3677 ||| IDENTIFYING sapphire potion
  3678 | D:4      | 3678 ||| DROPPING potion of flight.
  3679 | D:4      | 3679 ||| DROPPING potion of degeneration.
  3702 | D:5      | Entered Level 5 of the Dungeon
  3762 | D:5      | 3762 ||| Stepping ~*~*~tactically~*~*~ (outnumbered).
  3763 | D:5      | 3763 ||| Stepping ~*~*~tactically~*~*~ (outnumbered).
  3764 | D:5      | 3764 ||| Stepping ~*~*~tactically~*~*~ (outnumbered).
  3811 | D:5      | Noticed KleinerIrrer's ghost (novice TrHu)
  3834 | D:5      | 3834 ||| STAIRDANCE
  3857 | D:5      | 3857 ||| STAIRDANCE
  3877 | D:5      | 3877 ||| STAIRDANCE
  3910 | D:5      | 3910 ||| STAIRDANCE
  3980 | D:5      | 3980 ||| STAIRDANCE
  4000 | D:5      | 4000 ||| STAIRDANCE
  4053 | D:5      | 4053 ||| STAIRDANCE
  4086 | D:5      | 4086 ||| STAIRDANCE
  4120 | D:5      | 4120 ||| STAIRDANCE
  4162 | D:5      | 4162 ||| STAIRDANCE
  4190 | D:5      | 4190 ||| STAIRDANCE
  4261 | D:5      | 4261 ||| STAIRDANCE
  4295 | D:5      | 4295 ||| STAIRDANCE
  4325 | D:5      | 4325 ||| STAIRDANCE
  4384 | D:4      | Gained mutation: You are frail. (-10% HP) [potion of mutation]
  4384 | D:4      | Gained mutation: You are partially covered in slimy green scales. (AC +2) [potion of mutation]
  4384 | D:4      | Gained mutation: You are somewhat resistant to further mutation. [potion of mutation]
  4394 | D:5      | HP: 9/58 [KleinerIrrer's ghost (15)]
  4396 | D:5      | Slain by KleinerIrrer's ghost

Vault maps used:
D:1:      minmay_arrival_diagonal_passages
D:2:      serial_co_window_serial, co_window_paths_b, co_window_corner_a,
          co_window_corner_a, co_window_paths_a, co_window_paths_a,
          co_window_2corner, co_window_corner_ca, co_window_paths_c,
          co_window_unsneaky_path_b, co_window_broadway_a, co_window_paths_e,
          glass_columns_a, glass_columns_b, glass_columns_a, glass_columns_c,
          chequers_ecumenical_altar_simple_redux, kennysheep_generic_room_13
D:3:      hex_medium
D:4:      kennysheep_the_goblin_king, first_ration, roderic_lattice_a
D:5:      nicolae_ru_awakened_eye, basic_altar, fountainhead

Skill      XL: |  1  2  3  4  5  6 |
---------------+-------------------+-----
Unarmed Combat | 2 3 4 6 7 |  7.7
Fighting       | 2 |  2.0
Throwing       | |  3.6
Dodging        | |  1.5
Stealth        | |  0.3

Action                   |  1- 3 |  4- 6 |  7- 9 || total
-------------------------+-------+-------+-------++-------
Melee: Unarmed           |    62 |   208 |    62 ||   332
       Punch             |       |     4 |     2 ||     6
Throw: Large rock        |    30 |    30 |     6 ||    66
       Tomahawk          |       |     4 |     1 ||     5
       Javelin           |       |       |     2 ||     2
  Use: Scroll            |     2 |    11 |     2 ||    15
       Potion            |       |     3 |     5 ||     8
 Stab: Sleeping          |       |       |     2 ||     2
  Eat: Chunk             |    14 |    22 |     7 ||    43
Armor: Robe              |    25 |    69 |    20 ||   114
Dodge: Dodged            |    40 |   107 |    38 ||   185

Table legend:
 A = Spawn XP
 B = Non-spawn XP
 C = Spawn XP percentage of total XP
 D = Spawn monster count
 E = Non-spawn monster count
 F = Spawn count percentage of total count
 G = Total turns spent on level
                    A         B        C        D         E        F      G
               +---------+---------+-------+---------+---------+-------+---------
         Total |       0 |     912 |   0.0 |       0 |     127 |   0.0 |  4396
               +---------+---------+-------+---------+---------+-------+---------
           D:1 |       0 |      55 |   0.0 |       0 |      26 |   0.0 |   602
           D:2 |       0 |      99 |   0.0 |       0 |      26 |   0.0 |  1080
           D:3 |       0 |     117 |   0.0 |       0 |      35 |   0.0 |  1274
           D:4 |       0 |     510 |   0.0 |       0 |      30 |   0.0 |  1230
           D:5 |       0 |     131 |   0.0 |       0 |      10 |   0.0 |   210
               +---------+---------+-------+---------+---------+-------+---------
